TOP OF THE 1ST |
Menlo Maniacs batting - Pitching for Bismarck Barons : RHP Sébastien Benoit
|
Pitching: RHP Sébastien Benoit
|
|
Batting: LHB Pedro Rodríguez
|
0-0: Ball 1-0: Foul Ball, location: 2F 1-1: Ball 2-1: Swinging Strike 2-2: Strikes out swinging
|
Batting: LHB Marcos Vázquez
|
0-0: Ball 1-0: Foul Ball, location: 2F 1-1: Ball 2-1: Foul Ball, location: 2F 2-2: Ball 3-2: Base on Balls
|
Batting: LHB Arthur Hall
|
0-0: Ball Marcos Vázquez is caught stealing 2nd base 1-0: Ball 2-0: Called Strike 2-1: Foul Ball, location: 2F 2-2: Foul Ball, location: 2F 2-2: Ball 3-2: SINGLE (Line Drive, 6D)
|
Batting: RHB Steve Sampson
|
0-0: Called Strike 0-1: Swinging Strike 0-2: Ball 1-2: Foul Ball, location: 2F 1-2: Ball 2-2: Ground out 5-3 (Groundball, 5)
|
Top of the 1st over - 0 run(s), 1 hit(s), 0 error(s), 1 left on base; Menlo 0 - Bismarck 0 |
BOTTOM OF THE 1ST |
Bismarck Barons batting - Pitching for Menlo Maniacs : RHP José Ramírez
|
Pitching: RHP José Ramírez
|
|
Batting: RHB Tony Quinn
|
0-0: Called Strike 0-1: Ball 1-1: Ball 2-1: Ball 3-1: Base on Balls
|
Batting: RHB Seiji Kouno
|
0-0: Ball 1-0: Foul Ball, location: 2F 1-1: Ball 2-1: SINGLE (Line Drive, 78M) Tony Quinn to second
|
Batting: RHB Dave Parker
|
0-0: Ball 1-0: Called Strike 1-1: Ball 2-1: Ball 3-1: Base on Balls Tony Quinn to third Seiji Kouno to second
|
Batting: RHB Lúcio Flores
|
0-0: Ball 1-0: Foul Ball, location: 2F 1-1: Foul Ball, location: 2F 1-2: Grounds into double play, 6-4-3 (Groundball, 6M) Tony Quinn scores Seiji Kouno to third
|
Batting: LHB Howard Lambert
|
0-0: Foul Ball, location: 2F 0-1: Ball 1-1: Ball 2-1: Foul Ball, location: 2F 2-2: Ground out U3 (Groundball, 3)
|
Bottom of the 1st over - 1 run(s), 1 hit(s), 0 error(s), 1 left on base; Menlo 0 - Bismarck 1 |
TOP OF THE 2ND |
Menlo Maniacs batting - Pitching for Bismarck Barons : RHP Sébastien Benoit
|
Batting: LHB Dan Hamilton
|
0-0: Called Strike 0-1: SINGLE (Groundball, 4MD)
|
Batting: RHB Jesús Cuevas
|
0-0: Called Strike 0-1: SINGLE (Line Drive, 34) Dan Hamilton to second
|
Batting: RHB Ernest Russell
|
0-0: Ball 1-0: Ball 2-0: Foul Ball, location: 2F 2-1: Ball 3-1: Swinging Strike 3-2: Strikes out swinging
|
Batting: RHB David Strickland
|
0-0: Swinging Strike 0-1: Foul Ball, location: 2F 0-2: Ball 1-2: Strikes out looking
|
Batting: SHB António Trinidad
|
0-0: Called Strike 0-1: Ball Wild Pitch! Dan Hamilton to third Jesús Cuevas to second 1-1: Called Strike 1-2: Strikes out looking
|
Top of the 2nd over - 0 run(s), 2 hit(s), 0 error(s), 2 left on base; Menlo 0 - Bismarck 1 |
BOTTOM OF THE 2ND |
Bismarck Barons batting - Pitching for Menlo Maniacs : RHP José Ramírez
|
Batting: RHB Enrique Gasporra
|
0-0: Bunt for hit - play at first, batter OUT! 2-3
|
Batting: RHB Benito Minardi
|
0-0: Ball 1-0: Ground out 3-1 (Groundball, 34)
|
Batting: RHB Norm Francis
|
0-0: Ball 1-0: Called Strike 1-1: Foul Ball, location: 2F 1-2: Ball 2-2: Ground out 5-3 (Groundball, 5L)
|
Bottom of the 2nd over - 0 run(s), 0 hit(s), 0 error(s), 0 left on base; Menlo 0 - Bismarck 1 |
TOP OF THE 3RD |
Menlo Maniacs batting - Pitching for Bismarck Barons : RHP Sébastien Benoit
|
Batting: LHB Pedro Rodríguez
|
0-0: Called Strike 0-1: Ball 1-1: Swinging Strike 1-2: Strikes out swinging
|
Batting: LHB Marcos Vázquez
|
0-0: Ball 1-0: Swinging Strike 1-1: Ball 2-1: Ball 3-1: DOUBLE (Line Drive, 56D)
|
Batting: LHB Arthur Hall
|
0-0: Called Strike 0-1: DOUBLE (Groundball, 3L) Marcos Vázquez scores
|
Batting: RHB Steve Sampson
|
0-0: Called Strike 0-1: Fly out, F4 (Line Drive, 4)
|
Batting: LHB Dan Hamilton
|
0-0: Called Strike 0-1: Ball 1-1: Swinging Strike 1-2: Ball 2-2: Strikes out looking
|
Top of the 3rd over - 1 run(s), 2 hit(s), 0 error(s), 1 left on base; Menlo 1 - Bismarck 1 |
BOTTOM OF THE 3RD |
Bismarck Barons batting - Pitching for Menlo Maniacs : RHP José Ramírez
|
Batting: RHB Paul Ladd
|
0-0: Ball 1-0: Ball 2-0: Ball 3-0: Base on Balls
|
Batting: RHB Tony Quinn
|
0-0: Called Strike 0-1: Ball 1-1: Foul Ball, location: 2F 1-2: Ball 2-2: SINGLE (Line Drive, 56D) Paul Ladd to second
|
Batting: RHB Seiji Kouno
|
0-0: Swinging Strike 0-1: Ball 1-1: Swinging Strike 1-2: Strikes out looking
|
Batting: RHB Dave Parker
|
0-0: Ball 1-0: Ball 2-0: Called Strike 2-1: Swinging Strike 2-2: Foul Ball, location: 2F 2-2: Foul Ball, location: 2F 2-2: Strikes out swinging
|
Batting: RHB Lúcio Flores
|
0-0: Foul Ball, location: 2F 0-1: Swinging Strike 0-2: Ball Wild Pitch! Paul Ladd to third Tony Quinn to second 1-2: Ball 2-2: Foul Ball, location: 2F 2-2: Strikes out swinging
|
Bottom of the 3rd over - 0 run(s), 1 hit(s), 0 error(s), 2 left on base; Menlo 1 - Bismarck 1 |
TOP OF THE 4TH |
Menlo Maniacs batting - Pitching for Bismarck Barons : RHP Sébastien Benoit
|
Batting: RHB Jesús Cuevas
|
0-0: Ball 1-0: SINGLE (Line Drive, 4M)
|
Batting: RHB Ernest Russell
|
0-0: Ball 1-0: Ball 2-0: Ball 3-0: Base on Balls Jesús Cuevas to second
|
Batting: RHB David Strickland
|
0-0: Ball 1-0: Called Strike 1-1: Swinging Strike 1-2: Strikes out swinging
|
Batting: SHB António Trinidad
|
0-0: Ball 1-0: Called Strike 1-1: Ball 2-1: Ball 3-1: Base on Balls Jesús Cuevas to third Ernest Russell to second
|
Batting: LHB Pedro Rodríguez
|
0-0: Ball 1-0: Ball 2-0: Ball 3-0: Foul Ball, location: 2F 3-1: Swinging Strike 3-2: Foul Ball, location: 2F 3-2: Base on Balls Jesús Cuevas scores Ernest Russell to third António Trinidad to second
|
Batting: LHB Marcos Vázquez
|
0-0: Ground out 5-3 (Groundball, 56S) Ernest Russell scores António Trinidad to third Pedro Rodríguez to second
|
Batting: LHB Arthur Hall
|
0-0: Foul Ball, location: 2F 0-1: Foul Ball, location: 2F 0-2: Ground out 3-1 (Groundball, 34S)
|
Top of the 4th over - 2 run(s), 1 hit(s), 0 error(s), 2 left on base; Menlo 3 - Bismarck 1 |
BOTTOM OF THE 4TH |
Bismarck Barons batting - Pitching for Menlo Maniacs : RHP José Ramírez
|
Batting: LHB Howard Lambert
|
0-0: Called Strike 0-1: Ball 1-1: Swinging Strike 1-2: Ball 2-2: Foul Ball, location: 2F 2-2: Ball 3-2: Strikes out looking
|
Batting: RHB Enrique Gasporra
|
0-0: Called Strike 0-1: Foul Ball, location: 2F 0-2: Ball 1-2: Strikes out looking
|
Batting: RHB Benito Minardi
|
0-0: Foul Ball, location: 2F 0-1: Ball 1-1: Swinging Strike 1-2: Ball 2-2: Foul Ball, location: 2F 2-2: Ball 3-2: DOUBLE (Line Drive, 5L)
|
Batting: RHB Norm Francis
|
0-0: Ball 1-0: Ball 2-0: Foul Ball, location: 2F 2-1: Swinging Strike 2-2: Ball 3-2: Foul Ball, location: 2F 3-2: Foul Ball, location: 2F 3-2: Base on Balls
|
Batting: RHB Paul Ladd
|
0-0: Called Strike 0-1: SINGLE (Groundball, 4MD) Benito Minardi to third Norm Francis to second Runner from 3rd tries for Home, SAFE, no throw or cutoff
|
Batting: RHB Tony Quinn
|
0-0: Fielders Choice at 2nd, 6-4 (Groundball, 6)
|
Bottom of the 4th over - 1 run(s), 2 hit(s), 0 error(s), 1 left on base; Menlo 3 - Bismarck 2 |
TOP OF THE 5TH |
Menlo Maniacs batting - Pitching for Bismarck Barons : RHP Sébastien Benoit
|
Pitching: RHP Mike Hodges
|
|
Batting: RHB Steve Sampson
|
0-0: Ball 1-0: SINGLE (Groundball, 6MD)
|
Batting: LHB Dan Hamilton
|
0-0: Ball 1-0: Called Strike 1-1: SINGLE (Groundball, 6MD) Steve Sampson to second
|
Batting: RHB Jesús Cuevas
|
0-0: Called Strike 0-1: Foul Ball, location: 2F 0-2: Ball 1-2: Strikes out looking
|
Batting: RHB Ernest Russell
|
0-0: SINGLE (Groundball, 56D) Steve Sampson to third Dan Hamilton to second
|
Batting: RHB David Strickland
|
0-0: Ball 1-0: Ball 2-0: Foul Ball, location: 2F 2-1: DOUBLE (Line Drive, 7LM) Steve Sampson scores Dan Hamilton scores Ernest Russell to third
|
Batting: SHB António Trinidad
|
0-0: Ball 1-0: Ball 2-0: SINGLE (Groundball, 4M) Ernest Russell scores David Strickland to third Runner from 3rd tries for Home, SAFE, throw made home
|
Batting: LHB Pedro Rodríguez
|
0-0: Reached on Error, E9 (Flyball, 89M) António Trinidad to second
|
Batting: LHB Marcos Vázquez
|
0-0: Fly out, F7 (Flyball, 7M)
|
Batting: LHB Arthur Hall
|
0-0: Foul Ball, location: 2F 0-1: Foul Ball, location: 2F 0-2: Ball 1-2: Fly out, F8 (Line Drive, 8LS)
|
Top of the 5th over - 4 run(s), 5 hit(s), 1 error(s), 2 left on base; Menlo 7 - Bismarck 2 |
BOTTOM OF THE 5TH |
Bismarck Barons batting - Pitching for Menlo Maniacs : RHP José Ramírez
|
Batting: RHB Seiji Kouno
|
0-0: Swinging Strike 0-1: Ball 1-1: Foul Ball, location: 2F 1-2: Ball 2-2: Ground out 4-3 (Groundball, 4)
|
Batting: RHB Dave Parker
|
0-0: Swinging Strike 0-1: Ball 1-1: Foul Ball, location: 2F 1-2: Ball 2-2: Foul Ball, location: 2F 2-2: Ball 3-2: Ground out 6-3 (Groundball, 6M)
|
Batting: RHB Lúcio Flores
|
0-0: Foul Ball, location: 2F 0-1: Foul Ball, location: 2F 0-2: Ball 1-2: SINGLE (Line Drive, 89M)
|
Pitching: RHP David Bishop
|
|
Batting: LHB Howard Lambert
|
0-0: Ball 1-0: Foul Ball, location: 2F 1-1: SINGLE (Groundball, 34D) Lúcio Flores to second Runner from 2nd tries for 3rd, SAFE, throw made to third
|
Batting: RHB Enrique Gasporra
|
0-0: Ball 1-0: Ball 2-0: Ground out 5-3 (Groundball, 56)
|
Bottom of the 5th over - 0 run(s), 2 hit(s), 0 error(s), 2 left on base; Menlo 7 - Bismarck 2 |
TOP OF THE 6TH |
Menlo Maniacs batting - Pitching for Bismarck Barons : RHP Mike Hodges
|
Pitching: LHP Francisco Rodríguez
|
|
Batting: RHB Steve Sampson
|
0-0: Foul Ball, location: 2F 0-1: SINGLE (Groundball, 4MD)
|
Batting: LHB Dan Hamilton
|
0-0: Ball 1-0: Ball 2-0: Ball 3-0: Called Strike 3-1: Swinging Strike 3-2: Base on Balls Steve Sampson to second
|
Batting: RHB Jesús Cuevas
|
0-0: Ball 1-0: Ball 2-0: Called Strike 2-1: Called Strike 2-2: Ball 3-2: Strikes out looking
|
Batting: RHB Ernest Russell
|
0-0: Ball 1-0: Fly out, F8 (Line Drive, 8RM)
|
Batting: RHB David Strickland
|
0-0: Called Strike 0-1: Ball 1-1: DOUBLE (Groundball, 5L) Steve Sampson scores Dan Hamilton to third Runner from 3rd tries for Home, throw and OUT!
|
Top of the 6th over - 1 run(s), 2 hit(s), 0 error(s), 1 left on base; Menlo 8 - Bismarck 2 |
BOTTOM OF THE 6TH |
Bismarck Barons batting - Pitching for Menlo Maniacs : RHP David Bishop
|
Batting: RHB Benito Minardi
|
0-0: Called Strike 0-1: Called Strike 0-2: Strikes out swinging
|
Batting: RHB Norm Francis
|
0-0: Ball 1-0: Ball 2-0: Called Strike 2-1: Ball 3-1: Foul Ball, location: 2F 3-2: Foul Ball, location: 2F 3-2: Ground out 5-3 (Groundball, 56S)
|
Batting: RHB Paul Ladd
|
0-0: SINGLE (Groundball, 4D)
|
Batting: RHB Tony Quinn
|
0-0: Ball 1-0: Swinging Strike 1-1: Swinging Strike 1-2: Ball 2-2: Ball 3-2: Base on Balls Paul Ladd to second
|
Batting: RHB Seiji Kouno
|
0-0: Called Strike 0-1: Foul Ball, location: 2F 0-2: Strikes out swinging
|
Bottom of the 6th over - 0 run(s), 1 hit(s), 0 error(s), 2 left on base; Menlo 8 - Bismarck 2 |
TOP OF THE 7TH |
Menlo Maniacs batting - Pitching for Bismarck Barons : LHP Francisco Rodríguez
|
Batting: SHB António Trinidad
|
0-0: Called Strike 0-1: Foul Ball, location: 2F 0-2: Ball 1-2: Ball 2-2: Ball 3-2: Fly out, F4 (Popup, 34D)
|
Batting: LHB Pedro Rodríguez
|
0-0: Ball 1-0: Ball 2-0: Fly out, F7 (Line Drive, 7M)
|
Batting: LHB Marcos Vázquez
|
0-0: Ball 1-0: Ball 2-0: Ball 3-0: Called Strike 3-1: Foul Ball, location: 2F 3-2: Base on Balls
|
Batting: LHB Arthur Hall
|
0-0: Swinging Strike 0-1: Foul Ball, location: 2F 0-2: Ball 1-2: Fly out, F8 (Flyball, 8LS)
|
Top of the 7th over - 0 run(s), 0 hit(s), 0 error(s), 1 left on base; Menlo 8 - Bismarck 2 |
BOTTOM OF THE 7TH |
Bismarck Barons batting - Pitching for Menlo Maniacs : RHP David Bishop
|
Batting: RHB Dave Parker
|
0-0: Called Strike 0-1: SINGLE (Line Drive, 89M)
|
Batting: RHB Lúcio Flores
|
0-0: Called Strike 0-1: Ball 1-1: Ball 2-1: Foul Ball, location: 2F 2-2: Foul Ball, location: 2F 2-2: Ball 3-2: Strikes out looking
|
Batting: LHB Howard Lambert
|
0-0: Called Strike 0-1: Ball 1-1: Fielders Choice at 2nd, 5-4 (Groundball, 56)
|
Batting: RHB Enrique Gasporra
|
0-0: Called Strike 0-1: Swinging Strike 0-2: Ball 1-2: Strikes out looking
|
Bottom of the 7th over - 0 run(s), 1 hit(s), 0 error(s), 1 left on base; Menlo 8 - Bismarck 2 |
TOP OF THE 8TH |
Menlo Maniacs batting - Pitching for Bismarck Barons : LHP Francisco Rodríguez
|
Pitching: RHP Francisco Anaya
|
|
Batting: RHB Steve Sampson
|
0-0: SINGLE (Groundball, 6MD)
|
Batting: LHB Dan Hamilton
|
0-0: Called Strike 0-1: Ball 1-1: Fly out, F8 (Flyball, 8RS)
|
Batting: RHB Jesús Cuevas
|
0-0: Swinging Strike 0-1: Fielders Choice at 2nd, 1-6 (Groundball, 15S)
|
Batting: RHB Ernest Russell
|
0-0: Fielders Choice at 2nd, U6 (Groundball, 6M)
|
Top of the 8th over - 0 run(s), 1 hit(s), 0 error(s), 1 left on base; Menlo 8 - Bismarck 2 |
BOTTOM OF THE 8TH |
Bismarck Barons batting - Pitching for Menlo Maniacs : RHP David Bishop
|
Pitching: RHP Jorge Luna
|
|
Batting: RHB Benito Minardi
|
0-0: Swinging Strike 0-1: Fly out, F3 (Line Drive, 3L)
|
Batting: RHB Norm Francis
|
0-0: Foul Ball, location: 2F 0-1: Ground out 5-3 (Groundball, 5)
|
Batting: RHB Paul Ladd
|
0-0: Ball 1-0: Fly out, F3 (Popup, 4MS)
|
Bottom of the 8th over - 0 run(s), 0 hit(s), 0 error(s), 0 left on base; Menlo 8 - Bismarck 2 |
TOP OF THE 9TH |
Menlo Maniacs batting - Pitching for Bismarck Barons : RHP Francisco Anaya
|
Batting: RHB David Strickland
|
0-0: Ball 1-0: Ground out U3 (Groundball, 3S)
|
Batting: SHB António Trinidad
|
0-0: Ball 1-0: Called Strike 1-1: Ball 2-1: Ball 3-1: Foul Ball, location: 2F 3-2: Foul Ball, location: 2F 3-2: SINGLE (Groundball, 4MD)
|
Batting: LHB Pedro Rodríguez
|
0-0: Fly out, F7 (Flyball, 7LM)
|
Batting: LHB Marcos Vázquez
|
0-0: Called Strike 0-1: SINGLE (Flyball, 78S) António Trinidad to second
|
Batting: LHB Arthur Hall
|
0-0: Called Strike 0-1: Ball 1-1: Foul Ball, location: 2F 1-2: Strikes out swinging
|
Top of the 9th over - 0 run(s), 2 hit(s), 0 error(s), 2 left on base; Menlo 8 - Bismarck 2 |
BOTTOM OF THE 9TH |
Bismarck Barons batting - Pitching for Menlo Maniacs : RHP Jorge Luna
|
Batting: RHB Tony Quinn
|
0-0: Called Strike 0-1: Ball 1-1: Foul Ball, location: 2F 1-2: Ball 2-2: Ball 3-2: Foul Ball, location: 2F 3-2: Strikes out swinging
|
Batting: RHB Seiji Kouno
|
0-0: Ball 1-0: Called Strike 1-1: Ball 2-1: Foul Ball, location: 2F 2-2: Foul Ball, location: 2F 2-2: SINGLE (Groundball, 5L)
|
Batting: RHB Dave Parker
|
0-0: Called Strike 0-1: Ground out 5-3 (Groundball, 15S) Seiji Kouno to second
|
Batting: RHB Lúcio Flores
|
0-0: Ground out 4-3 (Groundball, 4)
|
Bottom of the 9th over - 0 run(s), 1 hit(s), 0 error(s), 1 left on base; Menlo 8 - Bismarck 2 |
|